 Dungeon Crawl Stone Soup version 0.25-a0-353-ged6d54792d (webtiles) character file.

Game seed: 16505247082515241438, levelgen mode: classic

5615 Borgoz the Cleaver (level 10, -5/92 HPs)
             Began as a Hill Orc Fighter on Jan 1, 2020.
             Was a Believer of Ashenzari.
             Slain by a bone dragon (14 damage)
             ... on level 1 of the Abyss.
             The game lasted 00:17:44 (10418 turns).

Borgoz the Cleaver (Hill Orc Fighter)              Turns: 10418, Time: 00:17:45

Health: -5/92      AC: 10    Str: 22    XL:     10   Next: 73%
Magic:  12/12      EV: 10    Int:  8    God:    Ashenzari [**....]
Gold:   714        SH:  4    Dex: 11    Spells: 9/9 levels left

rFire    . . .     SeeInvis .   a - +0 broad axe
rCold    . . .     Gourm    .   H - +0 buckler
rNeg     . . .     Faith    .   B - +0 scale mail
rPois    .         Spirit   .   (no helmet)
rElec    .         Reflect  .   (no cloak)
rCorr    +         Harm     .   (no gloves)
MR       .....                  I - +1 pair of boots {run}
Stlth    ..........             A - amulet of rage (curse)
HPRegen  0.25/turn              E - ring of resist corrosion
MPRegen  0.13/turn              (no ring)

@: quick
A: no striking features
a: Curse Item, Scrying, Renounce Religion, Evoke Berserk Rage


You were on level 1 of the Abyss.
You worshipped Ashenzari.
Ashenzari was pleased with you.
You were not hungry.

You visited 2 branches of the dungeon, and saw 10 of its levels.
You visited the Abyss 1 time.
You also visited: Ossuary.

You collected 714 gold pieces.

Inventory:

Hand Weapons
 a - a +0 broad axe (weapon)
 b - the +9 whip "Utax" {vamp, Dex+3}
   (You found it on level 7 of the Dungeon)

   It inflicts no extra harm, but heals its wielder when it wounds a living foe.
   It affects your dexterity (+3).
 w - a +2 dire flail of draining
Missiles
 y - a throwing net (quivered)
Armour
 B - a +0 scale mail (worn)
 H - a +0 buckler (worn)
 I - a +1 pair of boots of running (worn)
Jewellery
 A - a cursed amulet of rage (around neck)
 E - a ring of resist corrosion (left hand)
Wands
 o - a wand of polymorph (6)
Scrolls
 e - 7 scrolls of teleportation
 g - a scroll of random uselessness {unknown}
 h - 3 scrolls of amnesia {unknown}
 j - 4 scrolls of remove curse
 k - 2 scrolls of enchant weapon {unknown}
 l - 3 scrolls of enchant armour {unknown}
 m - a scroll of identify
 p - 2 scrolls of blinking {unknown}
 q - a scroll of brand weapon {unknown}
 s - a scroll of magic mapping {unknown}
 u - a scroll of noise {unknown}
 x - 5 scrolls of fog {unknown}
 D - a scroll of holy word {unknown}
 G - a scroll of torment {unknown}
Potions
 d - 2 potions of might
 i - 2 potions of haste
 n - 2 potions of lignification
 r - 2 potions of resistance
 t - 2 potions of flight
 v - 3 potions of cancellation {unknown}
 z - a potion of brilliance
Comestibles
 c - 4 chunks of flesh
 f - 13 rations


   Skills:
 + Level 9.6 Fighting
 * Level 13.3 Axes
 + Level 8.7 Armour
 + Level 1.8 Dodging
 + Level 4.3 Shields
 + Level 3.5 Evocations


You had 9 spell levels left.
You didn't know any spells.
Your spell library was empty.

Dungeon Overview and Level Annotations

Branches:
Dungeon (9/15)             Temple (1/1) D:7         Ossuary (visited)
   Lair: D:8-11         Orc: D:9-12

Altars:
Ashenzari
Cheibriados
Elyvilon
Fedhas
Gozag
Hepliaklqana
Makhleb
Nemelex Xobeh
Okawaru
Qazlal
Ru
Sif Muna
Trog
Uskayaw
Vehumet
Xom
Yredelemnul
Zin
The Shining One
Beogh

Shops:
D:5 =

Annotations:
D:9 Psyche


Message History

The ynoxinul is heavily wounded.
The ynoxinul hits you but does no damage.
Unknown command.
You slash the ynoxinul!
You kill the ynoxinul!
You now have 714 gold pieces (gained 47).
Eat one of 5 chunks of flesh? (ye/n/q)
You eat one of the 5 chunks of flesh.
This raw flesh tastes terrible.
Found an uncursed dagger.
A bone dragon comes into view.
You hit the bone dragon but do no damage.
The bone dragon bites you!!
* * * LOW HITPOINT WARNING * * *
The bone dragon misses you. The bone dragon tramples you.
* * * LOW HITPOINT WARNING * * *
You stumble backwards!
You slash the bone dragon!
The bone dragon is lightly damaged.
The bone dragon bites you!
You die...

, ≈, ,* , , ≈ ,
, * , , , # , *
##*, * ,
..###** #.##
*...## *... ,,
, , ...##.# * *
, #.###.#D# ##,
, ≈, ,
#....@###.# ,
,* * *
#..#...#..# , *
# #....#.....#
## ,,** * #
#......#* .#,
*,
#...##...###.
#*, , ≈≈ #,
#.##.#.#.#..#..
, * ♣# .## ..
*.#..#.....# *
, .#* .
...#..####.# ,,
# . , #.
#.#...#.# *


You could see a bone dragon.

Vanquished Creatures
  A two-headed ogre (D:9)
  Pikel (D:6)
  An efreet (D:9)
  Sigmund (D:4)
  A hippogriff (D:8)
  A ynoxinul (Abyss:1)
  A hungry ghost (Abyss:1)
  Menkaure (Ossuary)
  Edmund (D:6)
  A water moccasin (D:9)
  3 slaves (D:6)
  A sky beast (D:8)
  5 orc warriors
  2 phantoms
  An ice beast (D:8)
  7 ogres
  A necrophage (D:5)
  5 bullfrogs
  3 scorpions
  5 wights (D:8)
  A howler monkey (D:5)
  A centaur zombie (D:6)
  2 crimson imps
  A centaur skeleton (D:5)
  3 jellies
  6 orc priests
  3 orc wizards
  2 bullfrog skeletons
  3 iguanas
  5 worker ants
  A hound zombie (D:7)
  3 mummies (Ossuary)
  A howler monkey zombie (D:5)
  4 gnolls (D:7)
  12 adders
  A shadow imp (D:5)
  An ooze (D:3)
  An adder skeleton (D:5)
  3 worms
  A dart slug (D:2)
  10 leopard geckos
  20 orcs
  A ball python (D:4)
  6 giant cockroaches
  4 gnoll zombies (Ossuary)
  8 goblins
  3 hobgoblins
  15 jackals
  3 quokkas
  9 bats
  5 frilled lizards (D:1)
  2 gnoll skeletons (Ossuary)
  A goblin skeleton (Ossuary)
  7 goblin zombies (Ossuary)
  6 hobgoblin skeletons (Ossuary)
  5 hobgoblin zombies (Ossuary)
  A jackal skeleton (D:6)
  5 kobolds
  4 kobold skeletons (Ossuary)
  A kobold zombie (Ossuary)
  A leopard gecko skeleton (D:4)
  4 orc skeletons (Ossuary)
  2 orc zombies (Ossuary)
  5 rats
  6 rat skeletons (Ossuary)
  3 rat zombies (Ossuary)
235 creatures vanquished.

Vanquished Creatures (others)
  A goblin skeleton (Ossuary)
  2 orc zombies (Ossuary)
  A rat skeleton (Ossuary)
  A rat zombie (Ossuary)
  A lurking horror (Abyss:1)
  8 starspawn tentacles (Abyss:1)
14 creatures vanquished.

Grand Total: 249 creatures vanquished

Notes
Turn   | Place    | Note
-------+----------+-------------------------------------------
     0 | D:1      | Borgoz the Hill Orc Fighter began the quest for the Orb.
     0 | D:1      | Reached XP level 1. HP: 19/19 MP: 1/1
   108 | D:1      | Reached skill level 3 in Axes
   176 | D:1      | Reached XP level 2. HP: 25/27 MP: 2/2
   280 | D:1      | Reached XP level 3. HP: 33/33 MP: 3/3
   925 | D:2      | Reached skill level 4 in Axes
  1135 | D:2      | Reached XP level 4. HP: 39/40 MP: 4/4
  1183 | D:2      | Found a hazy altar of Hepliaklqana.
  2114 | D:3      | Reached skill level 5 in Axes
  2249 | D:3      | Reached XP level 5. HP: 47/47 MP: 5/5
  2285 | D:3      | Found a faded altar of an unknown god.
  2426 | D:4      | Noticed an ogre
  2435 | D:4      | Killed an ogre
  2456 | D:4      | Reached skill level 5 in Fighting
  2456 | D:4      | Reached skill level 6 in Axes
  2456 | D:4      | Reached XP level 6. HP: 38/56 MP: 6/6
  2552 | D:5      | Entered Level 5 of the Dungeon
  2615 | D:5      | Found a shimmering altar of Xom.
  2972 | D:5      | Noticed a necrophage
  2981 | D:5      | Killed a necrophage
  3024 | D:5      | Found a sparkling altar of Nemelex Xobeh.
  3074 | D:5      | Reached skill level 7 in Axes
  3074 | D:5      | Reached skill level 5 in Armour
  3074 | D:5      | Reached XP level 7. HP: 47/58 MP: 7/7
  3267 | D:5      | Found an opulent altar of Gozag.
  3328 | D:5      | Found Qoankedd's Jewellery Emporium.
  3702 | D:4      | Reached skill level 8 in Axes
  3725 | D:4      | Reached XP level 8. HP: 16/71 MP: 8/8
  4178 | D:4      | Noticed Sigmund
  4195 | D:4      | Killed Sigmund
  4195 | D:4      | Reached skill level 9 in Axes
  4196 | D:4      | Found a blossoming altar of Fedhas.
  4916 | D:6      | Found a shattered altar of Ashenzari.
  4922 | D:6      | Became a worshipper of Ashenzari the Shackled
  4996 | D:6      | Found a glowing silver altar of Zin.
  5005 | D:6      | Noticed Pikel
  5034 | D:6      | Killed Pikel
  5034 | D:6      | Reached skill level 10 in Axes
  5034 | D:6      | Reached XP level 9. HP: 47/80 MP: 9/9
  5079 | D:6      | Found a sand-covered staircase.
  5085 | Ossuary  | Entered an ossuary
  5473 | Ossuary  | Noticed Menkaure
  5487 | Ossuary  | Killed Menkaure
  5487 | Ossuary  | Reached skill level 11 in Axes
  6162 | D:6      | Noticed Edmund
  6181 | D:6      | Killed Edmund
  6196 | D:6      | Found a blossoming altar of Fedhas.
  6365 | D:6      | Reached * piety under Ashenzari
  7184 | D:7      | Found a staircase to the Ecumenical Temple.
  7318 | D:7      | Identified the +9 whip "Utax" {vamp, Dex+3}
  7421 | D:7      | Reached ** piety under Ashenzari
  8042 | Temple   | Entered the Ecumenical Temple
  8203 | D:8      | Reached skill level 12 in Axes
  8203 | D:8      | Reached skill level 1 in Evocations
  8225 | D:8      | Found a snail-covered altar of Cheibriados.
  8370 | D:8      | Reached XP level 10. HP: 87/91 MP: 11/11
  8372 | D:8      | Found an iron altar of Okawaru.
  8589 | D:8      | Identified a +1 pair of boots of running (You found it on
                  | level 8 of the Dungeon)
  8916 | D:9      | HP: 4/91 [orc warrior/+1 flail of crushing (12)]
  9404 | D:9      | Found a roughly hewn altar of Beogh.
  9438 | D:8      | Reached skill level 1 in Dodging
  9919 | D:9      | Reached skill level 13 in Axes
  9980 | D:9      | Found a sacrificial altar of Ru.
 10043 | D:9      | Noticed a two-headed ogre
 10057 | D:9      | Killed a two-headed ogre
 10171 | D:9      | Noticed Psyche
 10271 | D:9      | Cast into level 1 of the Abyss (Psyche)
 10300 | Abyss:1  | Found a radiant altar of Vehumet.
 10326 | Abyss:1  | Noticed a tentacled starspawn
 10414 | Abyss:1  | Noticed a bone dragon
 10418 | Abyss:1  | Slain by a bone dragon

Levels and vault maps discovered:
D:1:      dpeg_arrival_water_temple_mockup, layout_basic
D:2:      layout_loops_ring, lemuel_coloured_pillars_altar
D:3:      layout_rooms, chequers_ecumenical_altar_simple_redux,
          minmay_stone_trees_small, st_stairs_1
D:4:      layout_loops_ring, kennysheep_mini, uniq_sigmund
D:5:      layout_loops_ring, grunt_gozag_breadcrumbs, serial_shops, shop,
          basic_altar, first_ration, nemelex_spade_bored_becter
D:6:      layout_loops_ring, kennysheep_little_box, basic_altar,
          enter_ossuary_3, fedhas_ov_isle_minmay, uniq_edmund, uniq_pikel
D:7:      layout_layer_cave, minmay_temple_entry_overgrown, grunt_ministairs_3
D:8:      layout_rooms, nicolae_overflow_hidden_temple, basic_altar
D:9:      minmay_general_purpose_star, layout_basic,
          nicolae_ru_sacrificial_ziggurat, gammafunk_temple_overflow_claw,
          special_room [special_room_orc], uniq_psyche
Temple:   dshaligram_water_room_temple
Abyss:1:  base:
D:2

Skill      XL: |  1  2  3  4  5  6  7  8  9 10 |
---------------+-------------------------------+-----
Axes           | 3 4 5 6 7 8 10 12 13 | 13.3
Fighting       | 4 5 6 7 9 |  9.6
Armour         | 4 5 7 8 |  8.7
Evocations     | 1 3 |  3.5
Dodging        | 1 |  1.8
Shields        | 4 |  4.3

Action                   |  1- 3 |  4- 6 |  7- 9 | 10-12 || total
-------------------------+-------+-------+-------+-------++-------
Melee: War axe           |    85 |   155 |   407 |    61 ||   708
       Broad axe         |       |       |       |    89 ||    89
       Whip              |       |       |       |    18 ||    18
Invok: Curse Item        |       |       |     4 |       ||     4
 Abil: Evoke Berserk Rag |       |       |     1 |     2 ||     3
  Use: Scroll            |       |     1 |     7 |     2 ||    10
       Potion            |       |       |     6 |     4 ||    10
  Eat: Chunk             |     1 |     6 |    12 |     7 ||    26
       Ration            |       |       |     2 |     1 ||     3
Armor: Scale mail        |    38 |    69 |    97 |    36 ||   240
       Skin              |       |       |    11 |     4 ||    15
Dodge: Dodged            |    29 |    62 |    90 |    54 ||   235
Block: Shield            |    44 |    88 |   170 |    16 ||   318
       Buckler           |       |       |       |    13 ||    13

Table legend:
 A = Non-vault XP
 B = Vault XP
 C = Vault XP percentage of total XP
 D = Non-vault monster count
 E = Vault monster count
 F = Vault count percentage of total count
                 A         B        C        D         E       F
            +---------+---------+-------+---------+---------+-------
      Total |    6454 |    1568 |  19.5 |     171 |      58 |  25.3
            +---------+---------+-------+---------+---------+-------
        D:1 |      40 |       0 |   0.0 |      25 |       0 |   0.0
        D:2 |      57 |       0 |   0.0 |      19 |       0 |   0.0
        D:3 |      72 |       8 |  10.0 |      16 |       3 |  15.8
        D:4 |     780 |     238 |  23.4 |      25 |       1 |   3.8
        D:5 |     538 |       0 |   0.0 |      19 |       0 |   0.0
        D:6 |     509 |     863 |  62.9 |      12 |       2 |  14.3
        D:7 |     602 |      14 |   2.3 |      15 |       1 |   6.2
        D:8 |    1413 |     129 |   8.4 |      23 |       1 |   4.2
        D:9 |    2049 |      50 |   2.4 |      15 |       4 |  21.1
    Abyss:1 |     394 |       0 |   0.0 |       2 |       0 |   0.0
    Ossuary |       0 |     266 | 100.0 |       0 |      46 | 100.0
            +---------+---------+-------+---------+---------+-------
